 Dungeon Crawl Stone Soup version 0.29.1-13-g9f3cf754e1 (webtiles) character file.

Game seed: 18172168205875017032

9461 flickminster the Geomancer (level 11, -3/73 HPs)
             Began as a Gargoyle Earth Elementalist on Feb 6, 2023.
             Was an Elder of Fedhas.
             Slain by a shadow (5 damage)
             ... on level 10 of the Dungeon.
             The game lasted 02:04:51 (11474 turns).

flickminster the Geomancer (GrEE)                  Turns: 11474, Time: 02:04:59

Health: -3/73      AC: 20    Str: 14    XL:     11   Next: 46%
Magic:  8/21       EV: 13    Int: 21    God:    Fedhas [****..]
Gold:   533        SH:  0    Dex:  9    Spells: 11/24 levels left

rFire   + + .      SeeInvis .   i - +8 morningstar of the Viper {flame, rF++}
rCold   . . .      Faith    .   (no shield)
rNeg    + . .      Spirit   .   a - +1 robe
rPois   ∞          Reflect  .   (no helmet)
rElec   +          Harm     .   N - +1 cloak
rCorr   .          Rampage  .   (no gloves)
Will    .....                   D - +0 pair of boots
Stlth   +++.......              u - amulet of magic regeneration
HPRegen 0.22/turn               t - +4 ring of protection
MPRegen 0.57/turn               (no ring)

@: slowed, invisible, very slow
A: sickness immunity, AC +8, negative energy resistance 1, electricity
resistance, torment resistance 1, petrification resistance, iridescent scales 1,
clever 1, robust 1
a: Renounce Religion, Wall of Briars, Grow Ballistomycete, Overgrow


You were on level 10 of the Dungeon.
You worshipped Fedhas.
Fedhas was greatly pleased with you.
You visited 2 branches of the dungeon, and saw 11 of its levels.

You collected 533 gold pieces.

Inventory:

Hand Weapons
 h - a +3 spear of venom
 i - the +8 morningstar of the Viper (weapon) {flame, rF++}
   (You found it on level 6 of the Dungeon)

   It burns those it strikes, dealing additional fire damage.
   rF:        It greatly protects you from fire.
Missiles
 n - 15 boomerangs
 x - 4 javelins (quivered)
 y - 2 atropa-tipped darts
 E - a throwing net
Armour
 a - a +1 robe (worn)
 e - a scarf of shadows
 l - a +0 cloak
 o - a +0 helmet
 D - a +0 pair of boots (worn)
 I - a +2 leather armour of willpower
 N - a +1 cloak (worn)
Magical Staves
 m - a staff of conjuration
Jewellery
 t - a +4 ring of protection (left hand)
 u - an amulet of magic regeneration (around neck)
 w - an amulet of the acrobat
 F - a +6 ring of strength
 G - an amulet of reflection
 M - a +6 ring of strength
Wands
 d - a wand of paralysis (6)
 B - a wand of flame (8)
 K - a wand of light (6)
Scrolls
 f - 2 scrolls of enchant weapon
 g - a scroll of torment
 q - 3 scrolls of teleportation
 r - a scroll of immolation
 s - a scroll of enchant armour
 A - a scroll of magic mapping {unknown}
 L - a scroll of identify
 O - a scroll of summoning
Potions
 c - 3 potions of curing
 j - a potion of attraction
 k - 2 potions of resistance
 p - 2 potions of degeneration
 v - 5 potions of flight
 z - a potion of might {unknown}
 C - a potion of mutation
 H - a potion of brilliance {unknown}
 J - a potion of cancellation {unknown}
 Q - a potion of lignification {unknown}


   Skills:
 + Level 7.1 Fighting
 * Level 8.0 Maces & Flails
 + Level 5.7 Dodging
 - Level 5.9 Stealth
 + Level 7.2 Spellcasting
 - Level 2.7 Conjurations
 - Level 4.6 Transmutations
 + Level 8.7 Earth Magic


You had 11 spell levels left.
You knew the following spells:

 Your Spells              Type           Power      Damage    Failure   Level
a - Sandblast             Erth           88%        2d18      1%          1
b - Stone Arrow           Conj/Erth      62%        3d10      2%          3
c - Petrify               Tmut/Erth      35%        N/A       5%          4
d - Lee's Rapid Deconstr  Erth           22%        3d13*     7%          5

Your spell library contained the following spells:

 Spells                   Type           Power      Damage    Failure   Level
 Beastly Appendage        Tmut           52%        N/A       1%          1
 Passwall                 Tmut/Erth      29%        N/A       1%          2
 Wereblood                Tmut           26%        N/A       1%          2
 Foxfire                  Conj/Fire      52%        2x1d6     4%          1
 Slow                     Hex            28%        N/A       9%          1
 Spider Form              Tmut/Pois      17%        N/A       10%         3
 Leda's Liquefaction      Hex/Erth       12%        N/A       14%         4
 Conjure Flame            Conj/Fire      13%        6-21      16%         3
 Confusing Touch          Hex            7%         N/A       26%         3
 Inner Flame              Hex/Fire       7%         N/A       26%         3
 Vampiric Draining        Necr           7%         2d6       26%         3
 Flame Wave               Conj/Fire      13%        2d6       45%         4
 Yara's Violent Unravell  Hex/Tmut       8%         3d5       67%         5
 Enfeeble                 Hex            3%         N/A       100%        7
 Statue Form              Tmut/Erth      Unusable   N/A       N/A         6

Dungeon Overview and Level Annotations

Branches:
Dungeon (10/15)            Temple (1/1) D:7
   Lair: D:8-11         Orc: D:9-12

Altars:
Ashenzari
Cheibriados
Dithmenos
Elyvilon
Fedhas
Gozag
Hepliaklqana
Kikubaaqudgha
Makhleb
Nemelex Xobeh
Okawaru
Qazlal
Ru
Sif Muna
Trog
Uskayaw
Vehumet
Wu Jian
Xom
Yredelemnul
Zin
The Shining One

Shops:
D:3 =   D:10 [


Innate Abilities, Weirdness & Mutations

You are immune to sickness and miasma.
Your stone body is resilient. (AC +8)
You are immune to poison.
You resist negative energy. (rN+)
You are resistant to electric shocks. (rElec)
You are resistant to unholy torment.
You are immune to petrification.
You are partially covered in iridescent scales. (AC +2)
Your mind is acute. (Int +4, Str/Dex -1)
You are robust. (+10% HP)


Message History

Here: a wraith The floor.
Press: ? - help, v - describe, . - travel A rock wall.
The vampire mosquito buzzes angrily.
The centaur shouts!
You hit the wraith. You burn the wraith.
The wraith is lightly damaged.
An unseen horror zombie comes into view.
The wraith closely misses you. The wraith hits you!
* * * LOW HITPOINT WARNING * * *
The wraith drains your vigour!
You feel as though you will be slow longer.
Casting: Lee's Rapid Deconstruction (dangerous; 7% risk of failure)
Confirm with . or Enter, or press ? or * to list all spells.
Aiming: Lee's Rapid Deconstruction (dangerous; 7% risk of failure)
Press: ? - help, Dir - move target A rock wall.
The wall shatters!
The blast of rock fragments hits the wraith.
The wraith is moderately damaged.
The vampire mosquito buzzes angrily.
You hear a shout! x3
The wraith barely misses you.
The shadow slips into darkness.
The shadow flickers and vanishes!
The wraith hits you but does no damage.
Okay, then.
Casting: Lee's Rapid Deconstruction (dangerous; 7% risk of failure)
Confirm with . or Enter, or press ? or * to list all spells.
Aiming: Lee's Rapid Deconstruction (dangerous; 7% risk of failure)
Press: ? - help, Dir - move target A rock wall.
The wall shatters!
The blast of rock fragments hits the vampire mosquito!
The vampire mosquito is heavily damaged.
The blast of rock fragments hits the wraith!
The wraith is heavily damaged.
You hear a shout! x2; You hear a bellow!
The wraith hits you but does no damage.
A shadow opens the door.
The shadow strikes at you from the darkness!
You die...
Fedhas appreciates your contribution to the ecosystem.

#...... ...
#...... ..
#....P. #..
#..~... .W
#.~~~..#'#
#.~~~~...#
#.~Z~~{..#
...c~y.@.#
...#ZZW......)#
########...#
..# #


You could see a wraith, a vampire mosquito (wandering, unable to see you), a
shadow, a centaur (unable to see you), a centaur zombie (unable to see you) and
2 unseen horror zombies.

Vanquished Creatures
  4 two-headed ogres
  Joseph (D:7)
  A troll (D:10)
  A slime creature (D:7)
  Prince Ribbit (D:6)
  2 yaks
  4 wyverns
  Menkaure (D:7)
  2 vampire mosquitoes
  A steam dragon (D:9)
  A water moccasin (D:6)
  9 orc warriors
  2 ice beasts
  2 black bears
  2 ogres
  2 centaurs
  A phantom (D:4)
  2 kobold brigands (D:8)
  3 bullfrogs
  A necrophage (D:6)
  2 gnoll sergeants
  2 scorpions
  10 wights
  A killer bee (D:10)
  4 howler monkeys
  10 jellies
  3 hounds
  8 orc priests
  A gnoll bouda (D:4)
  Jessica (D:2)
  Natasha (thrice) (D:2)
  2 iguanas
  Ijyb (D:5)
  15 orc wizards
  19 gnolls
  10 adders
  A shadow imp (D:6)
  A worm (D:2)
  57 orcs
  18 endoplasms
  4 giant cockroaches
  6 goblins
  3 hobgoblins (D:1)
  5 quokkas
  4 ball pythons
  3 bats
  5 frilled lizards
  16 kobolds
  3 rats
261 creatures vanquished.

Vanquished Creatures (collateral kills)
  A necrophage (D:6)
  A hound (D:6)
2 creatures vanquished.

Vanquished Creatures (others)
  7 fungi (D:7)
  A plant (Temple)
  4 withered plants (D:10)
12 creatures vanquished.

Grand Total: 275 creatures vanquished

Notes
Turn   | Place    | Note
-------+----------+-------------------------------------------
     0 | D:1      | flickminster the Gargoyle Earth Elementalist began the
                  | quest for the Orb.
     0 | D:1      | Reached XP level 1. HP: 10/10 MP: 3/3
   132 | D:1      | Reached skill level 1 in Transmutations
   132 | D:1      | Reached XP level 2. HP: 3/15 MP: 0/5
   720 | D:1      | Found a faded altar of an unknown god.
  1089 | D:2      | Noticed Jessica
  1100 | D:2      | Killed Jessica
  1101 | D:2      | Reached skill level 1 in Fighting
  1101 | D:2      | Reached XP level 3. HP: 9/20 MP: 2/6
  1287 | D:2      | Noticed Natasha
  1292 | D:2      | Killed Natasha
  1293 | D:2      | Reached XP level 4. HP: 18/25 MP: 4/7
  1841 | D:2      | Reached XP level 5. HP: 30/30 MP: 4/8
  1952 | D:2      | Noticed Natasha
  1957 | D:2      | Killed Natasha
  2013 | D:2      | Noticed Natasha
  2025 | D:2      | Killed Natasha
  2440 | D:3      | Found a burning altar of Makhleb.
  2470 | D:3      | Found Vubriler's One-of-a-Kind Rings.
  2499 | D:3      | Reached XP level 6. HP: 33/35 MP: 10/10
  2791 | D:3      | Gained mutation: You are partially covered in iridescent
                  | scales. (AC +2) [potion of mutation]
  2791 | D:3      | Gained mutation: Your mind is acute. (Int +4, Str/Dex -1)
                  | [potion of mutation]
  2791 | D:3      | Gained mutation: You are robust. (+10% HP) [potion of
                  | mutation]
  3077 | D:4      | Learned a level 3 spell: Stone Arrow
  3216 | D:4      | Noticed a black bear
  3225 | D:4      | Killed a black bear
  3423 | D:4      | Reached XP level 7. HP: 44/44 MP: 7/11
  3429 | D:4      | Reached skill level 5 in Earth Magic
  3913 | D:4      | Found an opulent altar of Gozag.
  4109 | D:5      | Entered Level 5 of the Dungeon
  4525 | D:5      | Found a glowing golden altar of the Shining One.
  4525 | D:5      | Found a glowing silver altar of Zin.
  4609 | D:5      | Noticed Ijyb
  4619 | D:5      | Killed Ijyb
  4706 | D:5      | Reached XP level 8. HP: 45/50 MP: 8/13
  5130 | D:6      | Reached skill level 5 in Stealth
  5478 | D:6      | Noticed Prince Ribbit
  5497 | D:6      | Killed Prince Ribbit
  5515 | D:6      | Reached XP level 9. HP: 44/57 MP: 9/16
  5611 | D:6      | Identified the +8 morningstar of the Viper {flame, rF++}
  5923 | D:6      | Reached skill level 1 in Maces & Flails
  5932 | D:6      | Reached skill level 5 in Spellcasting
  6413 | D:6      | Found a shimmering altar of Xom.
  6924 | D:7      | Found a basalt altar of Yredelemnul.
  7089 | D:7      | Noticed Joseph
  7099 | D:7      | Killed Joseph
  7377 | D:7      | Found a staircase to the Ecumenical Temple.
  7386 | Temple   | Entered the Ecumenical Temple
  7729 | Temple   | Became a worshipper of Fedhas Madash
  7863 | D:7      | Reached skill level 1 in Conjurations
  7864 | D:7      | Reached skill level 5 in Fighting
  7891 | D:7      | Reached XP level 10. HP: 63/64 MP: 12/18
  7915 | D:7      | Reached skill level 5 in Maces & Flails
  7917 | D:7      | Reached * piety under Fedhas
  8169 | D:7      | Noticed Menkaure
  8199 | D:7      | Killed Menkaure
  8462 | D:7      | Found a broken altar of Ashenzari.
  8533 | D:7      | Found a stormy altar of Qazlal.
  9108 | D:8      | Learned a level 4 spell: Petrify
  9114 | D:8      | Learned a level 5 spell: Lee's Rapid Deconstruction
  9268 | D:8      | Reached ** piety under Fedhas
  9816 | D:8      | Found a sacrificial altar of Ru.
  9892 | D:9      | Noticed a two-headed ogre
  9914 | D:9      | Killed a two-headed ogre
  9915 | D:9      | Reached skill level 5 in Dodging
 10468 | D:9      | Noticed a two-headed ogre
 10482 | D:9      | Killed a two-headed ogre
 10483 | D:9      | Reached XP level 11. HP: 34/72 MP: 15/21
 10672 | D:9      | Found a hazy altar of Hepliaklqana.
 10677 | D:9      | Reached *** piety under Fedhas
 11057 | D:9      | Noticed a two-headed ogre
 11069 | D:9      | Killed a two-headed ogre
 11335 | D:10     | Entered Level 10 of the Dungeon
 11390 | D:10     | Noticed a two-headed ogre
 11393 | D:10     | Killed a two-headed ogre
 11416 | D:10     | Found Haemp's Armour Shop.
 11464 | D:10     | Reached **** piety under Fedhas
 11465 | D:10     | Noticed a two-headed ogre
 11466 | D:10     | Noticed an ogre mage
 11472 | D:10     | HP: 1/73 [wraith (9)]
 11474 | D:10     | Slain by a shadow

Illustrated notes

Levels and vault maps discovered:
D:1:      lightli_arrival_statue_moat, layout_basic, basic_ecumenical_altar
D:2:      layout_loops_ring, ebering_dispersal_statue_hall,
          minmay_crystal_water, uniq_jessica, uniq_natasha
D:3:      layout_rooms, bloody_makhleb, nicolae_shop_unique_rings
D:4:      layout_loops_ring, nicolae_gozag_cash_rules_everything_around_me
D:5:      layout_gridville, nicolae_overflow_two_pavilions, uniq_ijyb
D:6:      layout_layer_cave, kennysheep_mini_moat, minmay_puff,
          uniq_prince_ribbit1
D:7:      lemuel_slime, layout_basic, mainiacjoe_overflow_alcove_4,
          yredelemnul_altar_generic, nicolae_qazlal_eye_of_the_storm,
          minmay_temple_entry_slanted, uniq_menkaure, uniq_joseph
D:8:      layout_rooms, nicolae_ru_path_of_blood, special_room
          [special_room_orc]
D:9:      layout_loops_ring, mainiacjoe_overflow_tiny_flanked, special_room
          [special_room_orc], minmay_fractal_squares_5
D:10:     minmay_the_grid_square_5x5_4x4 [minmay_the_grid_square_5x5_trominoes,
          minmay_the_grid_square_5x5_bite,
          minmay_the_grid_square_5x5_fancy_junction,
          minmay_the_grid_square_5x5_checkered_sparse,
          minmay_the_grid_square_5x5_inverted_slash,
          minmay_the_grid_square_5x5_prize_pseudospiral,
          minmay_the_grid_square_5x5_prize_open, minmay_the_grid_square_5x5_c,
          minmay_the_grid_square_5x5_plus,
          minmay_the_grid_square_5x5_prize_monsterx,
          minmay_the_grid_square_5x5_prize_itemx,
          minmay_the_grid_square_5x5_checkered_statues,
          minmay_the_grid_square_5x5_mess,
          minmay_the_grid_square_5x5_eight_small,
          minmay_the_grid_square_5x5_two_small, minmay_the_grid_square_5x5_z],
          layout_stronghold, serial_undead, serial_undead_c, serial_undead_e,
          serial_undead_f, serial_undead_c, serial_undead_e, serial_undead_d,
          serial_shops, shop_statue, enter_bailey_4, item_on_display_a
Temple:   minmay_temple_forest_path

Skill      XL: |  1  2  3  4  5  6  7  8  9 10 11 |
---------------+----------------------------------+-----
Transmutations | 1 2 3 4 |  4.6
Fighting       | 1 2 3 4 5 6 7 |  7.1
Earth Magic    | 4 5 6 8 |  8.7
Dodging        | 2 3 4 5 |  5.7
Stealth        | 3 4 5 |  5.9
Spellcasting   | 3 4 5 6 7 |  7.2
Maces & Flails | 4 7 8 |  8.0
Conjurations   | 1 2 |  2.7

Action                   |  1- 3 |  4- 6 |  7- 9 | 10-12 || total
-------------------------+-------+-------+-------+-------++-------
Melee: Unarmed           |    23 |       |       |       ||    23
       Spear             |     5 |   104 |    92 |       ||   201
       Punch             |       |       |     3 |     1 ||     4
       Morningstar       |       |       |    44 |   159 ||   203
Throw: Javelin           |       |       |       |     1 ||     1
 Cast: Sandblast         |    29 |    24 |     1 |       ||    54
       Stone Arrow       |       |     4 |    90 |    58 ||   152
       Lee's Rapid Decon |       |       |       |    32 ||    32
       Petrify           |       |       |       |    17 ||    17
  Use: Scroll            |       |     6 |    10 |    12 ||    28
       Potion            |       |     1 |     4 |     7 ||    12
 Stab: Sleeping          |       |     6 |       |       ||     6
       Petrified         |       |       |       |    17 ||    17
       Petrifying        |       |       |       |     4 ||     4
Armor: Robe              |     7 |    28 |    66 |   100 ||   201
Dodge: Dodged            |    22 |    50 |   100 |   142 ||   314
